[Event "ICCopen2017"]
[Site "Internet Chess Club"]
[Date "2017.03.19"]
[Round "9"]
[White "sonofmarabu"]
[Black "guruduff"]
[Result "1-0"]
[ICCResult "Black checkmated"]
[WhiteElo "1712"]
[BlackElo "1703"]
[Opening "French: Paulsen variation"]
[ECO "C10"]
[NIC "FR.04"]
[Time "20:48:56"]
[TimeControl "180+0"]

1. e4 e6 2. d4 d5 3. Nc3 Nc6 4. e5 f6 5. f4 fxe5 6. fxe5 Qh4+ 7. g3 Qxd4 8.
Qxd4 Nxd4 9. Nge2 Nxc2+ 10. Kd1 Nxa1 11. b3 Ne7 12. Bb2 Nxb3 13. axb3 a6 14.
Nf4 c5 15. Na4 Nc6 16. Nb6 Rb8 17. Bd3 Be7 18. Nxc8 Rxc8 19. Nxe6 Kf7 20.
Nf4 d4 21. Rf1 Rhf8 22. e6+ Kg8 23. Be4 Nd8 24. Bd5 g5 25. Ke2 gxf4 26. gxf4
Rf5 27. Be4 Rh5 28. Rg1+ Kh8 29. b4 Nxe6 30. f5 Rxh2+ 31. Kd3 Nf4+ 32. Kc4
cxb4+ 33. Kb3 Rh3+ 34. Ka2 b5 35. Bxd4+ Bf6 36. Bxf6# {Black checkmated} 1-0

[Event "ICCopen2017"]
[Site "Internet Chess Club"]
[Date "2017.03.19"]
[Round "9"]
[White "Chaos23"]
[Black "mvillalba"]
[Result "0-1"]
[ICCResult "White forfeits on time"]
[WhiteElo "1890"]
[BlackElo "2167"]
[Opening "Pirc defense"]
[ECO "B07"]
[NIC "PU.08"]
[Time "20:49:38"]
[TimeControl "180+0"]

1. e4 d6 2. d4 Nf6 3. f3 c6 4. c4 e5 5. d5 Nbd7 6. Nc3 Be7 7. Be3 O-O 8. g4
a6 9. h4 cxd5 10. cxd5 b5 11. Bd3 Nb6 12. h5 h6 13. Nge2 Nh7 14. Qd2 Bg5 15.
Ng3 Bd7 16. O-O Rc8 17. Bxg5 Qxg5 18. Qxg5 Nxg5 19. Kg2 Rc7 20. f4 exf4 21.
Rxf4 Rfc8 22. Raf1 Nc4 23. Nd1 Ne5 24. Bb1 Rc1 25. Ne3 Rxf1 26. Ngxf1 Rc1
27. Nd2 Kf8 28. a3 Ke7 29. Nf5+ Bxf5 30. gxf5 Kf6 31. Kf2 Rh1 32. Ke2 Rh2+
33. Kd1 Rxh5 34. Rf2 Rh1+ 35. Kc2 h5 36. Nb3 Nxe4 37. Re2 Ng3 38. Re3 Nxf5
39. Rc3 Rh2+ 40. Kc1 Rh1+ 41. Kc2 Rh2+ 42. Nd2 h4 43. Kd1 h3 44. Be4 Nd4 45.
Rg3 g5 {White forfeits on time} 0-1

[Event "ICCopen2017"]
[Site "Internet Chess Club"]
[Date "2017.03.19"]
[Round "9"]
[White "Palse"]
[Black "saya"]
[Result "0-1"]
[ICCResult "White checkmated"]
[WhiteElo "2219"]
[BlackElo "2805"]
[Opening "Sicilian: Taimanov variation"]
[ECO "B48"]
[NIC "SI.40"]
[Time "20:48:33"]
[TimeControl "180+0"]

1. e4 c5 2. Nf3 Nc6 3. d4 cxd4 4. Nxd4 Qc7 5. Nc3 e6 6. Be3 a6 7. Qf3 Bd6 8.
O-O-O Be5 9. g3 Nge7 10. Bg2 Nxd4 11. Bxd4 Bxd4 12. Rxd4 O-O 13. Rhd1 b5 14.
Qe3 Rb8 15. Kb1 Rd8 16. e5 Nf5 17. Qf4 Nxd4 18. Qxd4 Bb7 19. Bxb7 Qxb7 20.
Ne4 Qc6 21. Nd6 Rf8 22. Ne4 Rbc8 23. c3 Qc4 24. Qe3 Rc7 25. b3 Qc6 26. f3 a5
27. Rd6 Qb7 28. h4 a4 29. b4 h6 30. Nc5 Qa7 31. Ra6 Qb8 32. Qd4 Qc8 33. Rd6
f6 34. exf6 Rxf6 35. f4 Rf7 36. Qe5 Rc6 37. Rd3 Rf5 38. Qd4 Rd5 39. Qe4 Rxd3
40. Qxd3 d6 41. Ne4 d5 42. Nc5 Rxc5 43. bxc5 Qxc5 44. Qe2 Qb6 45. a3 Qd6 46.
Kb2 Qc6 47. Qe5 Kf7 48. h5 Qd7 49. Qd4 Qc7 50. Qd3 Qc4 51. Qg6+ Kf8 52. Qc2
d4 53. cxd4 Qxd4+ 54. Kb1 Qg1+ 55. Ka2 Qxg3 56. Qc8+ Kf7 57. Qb7+ Kf6 58.
Qxb5 Qxf4 59. Qb2+ e5 60. Qb6+ Kg5 61. Qc6 Kxh5 62. Qe8+ g6 63. Qe7 Qd2+ 64.
Kb1 Qd3+ 65. Kc1 Qc3+ 66. Kd1 Qf3+ 67. Kd2 Qf4+ 68. Ke2 Qg4+ 69. Kd3 Qd4+
70. Ke2 g5 71. Qf7+ Kh4 72. Qg6 h5 73. Qe6 e4 74. Qf5 Qd3+ 75. Ke1 Qe3+ 76.
Kf1 Qf3+ 77. Qxf3 exf3 78. Kf2 Kg4 79. Ke3 Kg3 80. Ke4 f2 81. Ke3 f1=Q 82.
Ke4 Qc4+ 83. Ke5 g4 84. Kf6 h4 85. Kf5 Qb5+ 86. Kf6 Kf4 87. Kg7 g3 88. Kf7
g2 89. Ke7 Qb7+ 90. Kd8 g1=Q 91. Ke8 Qg8# {White checkmated} 0-1

[Event "ICCopen2017"]
[Site "Internet Chess Club"]
[Date "2017.03.19"]
[Round "9"]
[White "marabu"]
[Black "Eigeneier"]
[Result "1-0"]
[ICCResult "Black resigns"]
[WhiteElo "2104"]
[BlackElo "1724"]
[Opening "King's Indian: London system"]
[ECO "A48"]
[NIC "QP.03"]
[Time "20:49:35"]
[TimeControl "180+0"]

1. Nf3 Nf6 2. d4 g6 3. Bf4 Bg7 4. e3 d6 5. Nbd2 O-O 6. h3 Nc6 7. c3 Re8 8.
Bg3 e5 9. dxe5 dxe5 10. Be2 Bf5 11. O-O Bd3 12. Bxd3 Qxd3 13. Nb3 Qc4 14.
Qc2 Nb4 15. Qb1 Nc6 16. Rd1 b6 17. Nbd2 Qe6 18. Ne4 Rad8 19. Nxf6+ Bxf6 20.
Qe4 Kg7 21. a4 a5 22. h4 h6 23. Qc2 Qc4 24. b3 Qe6 25. c4 Nb4 26. Qe2 e4 27.
Nd4 Qe7 28. Rac1 Rd7 29. Rc2 Nd3 30. Rcd2 Bxd4 31. exd4 Rxd4 32. h5 g5 33.
Qe3 Red8 34. f3 f5 35. fxe4 fxe4 36. Rf1 Qc5 37. Kh2 Rf8 38. Rxf8 Kxf8 39.
Rd1 Kg7 40. Rf1 Ne5 41. Qe2 Qe7 42. Rf5 Nf7 43. Qf2 Nd6 44. Qxd4+
{Black resigns}
1-0

[Event "ICCopen2017"]
[Site "Internet Chess Club"]
[Date "2017.03.19"]
[Round "9"]
[White "Chisel"]
[Black "rencoroso"]
[Result "1/2-1/2"]
[ICCResult "Game drawn by repetition"]
[WhiteElo "1748"]
[BlackElo "2067"]
[Opening "Sicilian"]
[ECO "B50"]
[NIC "SI.01"]
[Time "20:49:58"]
[TimeControl "180+0"]

1. e4 c5 2. Nf3 d6 3. Nc3 Nf6 4. Bc4 g6 5. d3 Bg7 6. Bg5 O-O 7. Qd2 Nc6 8.
Bh6 Bg4 9. Bxg7 Kxg7 10. O-O-O Bxf3 11. gxf3 Ne5 12. f4 Nxc4 13. dxc4 Qa5
14. Qe3 Rab8 15. f5 a6 16. fxg6 hxg6 17. h4 Rh8 18. f4 b5 19. e5 dxe5 20.
fxe5 Nh5 21. e6 f6 22. Rd7 Rhe8 23. Rg1 b4 24. Qe4 Nf4 25. h5 bxc3 26. Rxg6+
Nxg6 27. Qxg6+ Kh8 28. Qh6+ Kg8 29. Qg6+ Kh8 30. Qh6+ Kg8 31. Qg6+ Kh8
{Game drawn by repetition}
1/2-1/2

[Event "ICCopen2017"]
[Site "Internet Chess Club"]
[Date "2017.03.19"]
[Round "9"]
[White "habishek"]
[Black "sanguine"]
[Result "1-0"]
[ICCResult "Black forfeits on time"]
[WhiteElo "1028"]
[BlackElo "1104"]
[Opening "KP: Indian opening"]
[ECO "C20"]
[NIC "KP.07"]
[Time "20:49:30"]
[TimeControl "180+0"]

1. e4 e5 2. d3 Nc6 3. Nf3 f5 4. Nc3 f4 5. Be2 Nf6 6. Bd2 d6 7. Nd5 Ng4 8. h3
Nh6 9. c4 Be6 10. Qc2 Nd4 11. Nxd4 exd4 12. Nxf4 Qg5 13. O-O-O Bd7 14. Qb3
b6 15. Ne6 Qf6 16. Nxc7+ Kf7 17. c5+ Ke7 18. Nxa8 dxc5 19. Bg5 Qxg5+ 20. Kb1
Qxg2 21. Bg4 Bxg4 22. hxg4 Nxg4 23. Rhg1 Qf3 24. Rg3 Qxf2 25. Rxg4 h5 26.
Rgg1 {Black forfeits on time} 1-0

[Event "ICCopen2017"]
[Site "Internet Chess Club"]
[Date "2017.03.19"]
[Round "9"]
[White "Kusox"]
[Black "Kastor"]
[Result "0-1"]
[ICCResult "White resigns"]
[WhiteElo "2164"]
[BlackElo "2796"]
[Opening "King's Indian: East Indian defense"]
[ECO "A48"]
[NIC "QP.06"]
[Time "20:49:50"]
[TimeControl "180+0"]

1. d4 Nf6 2. Nf3 g6 3. c3 Bg7 4. Bf4 d6 5. e3 O-O 6. Nbd2 Nbd7 7. h3 b6 8.
Be2 Bb7 9. O-O Re8 10. Bh2 e5 11. dxe5 dxe5 12. Nc4 Ne4 13. a4 a5 14. Qc2
Qe7 15. Rad1 Red8 16. Nfd2 Nec5 17. Bf3 Bxf3 18. Nxf3 Qe6 19. Nfd2 Qc6 20.
b3 Re8 21. Nb1 Re7 22. Nca3 Qe4 23. Qxe4 Nxe4 24. f3 Nec5 25. Nd2 Nf6 26.
Rb1 Nd5 27. Nb5 Nxe3 28. Rfe1 Nd5 29. Nc4 f6 30. Red1 Rd8 31. Kh1 Red7 32.
Bg1 Ne6 33. Ne3 Nxe3 34. Rxd7 Rxd7 35. Bxe3 Bf8 36. b4 c6 37. bxa5 bxa5 38.
Na7 Rd3 39. Bg1 Rxc3 40. Rb6 Rc1 41. Rxc6 Bc5 42. Nb5 Rxg1+ 43. Kh2 Kf7 44.
Rxc5 Rxg2+ 45. Kxg2 Nxc5 46. Nd6+ Ke6 47. Nc4 Nb7 48. Kf2 Kd5 49. Ne3+ Ke6
50. Ke2 f5 51. Nc4 Kd5 52. Kd3 Nc5+ 53. Kc3 Nxa4+ {White resigns} 0-1

[Event "ICCopen2017"]
[Site "Internet Chess Club"]
[Date "2017.03.19"]
[Round "9"]
[White "Koval"]
[Black "BestMate"]
[Result "0-1"]
[ICCResult "White forfeits on time"]
[WhiteElo "1912"]
[BlackElo "2077"]
[Opening "Queen's pawn: Chigorin variation"]
[ECO "D00"]
[NIC "QP.08"]
[Time "20:48:50"]
[TimeControl "180+0"]

1. d4 d5 2. Nc3 Bf5 3. f3 c6 4. e4 Bg6 5. Bf4 e6 6. Qd2 Nd7 7. Rd1 Ngf6 8.
h4 h5 9. Nh3 Qb6 10. Be2 dxe4 11. O-O exf3 12. Bxf3 O-O-O 13. Na4 Qb5 14. b3
Nb6 15. Be2 Qb4 16. c3 Qa3 17. Nxb6+ axb6 18. Be5 Qa5 19. Nf4 Bf5 20. b4 Qa4
21. Rde1 Ne4 22. Qe3 f6 23. Nxe6 Bxe6 24. Qxe4 fxe5 25. Qxe5 Bd5 26. Bxh5
Qc2 27. Bg4+ Rd7 28. Qe8+ Kc7 29. Qxd7+ Kb8 30. Qd8+ Ka7 31. Rxf8 Rxf8 32.
Qxf8 Qxc3 33. Qf2 Qxb4 34. Kh2 Qd6+ 35. g3 g5 36. hxg5 Qg6 37. Bh3 Qxg5 38.
Qf4 Qg6 39. Re7 Qc2+ 40. Kg1 Qd1+ 41. Qf1 Qxd4+ 42. Kh2 Qd2+ 43. Qg2 Bxg2
44. Bxg2 Qh6+ 45. Kg1 Qd2 46. Kh2 Qh6+ 47. Kg1 Qc1+ 48. Bf1 Qc5+ 49. Kg2
Qxe7 50. Be2 Qd6 51. Bf3 Qc5 52. g4 Qd4 53. Kg3 Qd1 54. Kg2 Qd2+ 55. Kg3 Qc2
56. Kh3 Qc3 57. Kg3 Qd4 58. Kg2 Qe5 59. Kh3 Qe6 60. Kg3 Qf6 61. Kg2 Qf7
{White forfeits on time}
0-1

[Event "ICCopen2017"]
[Site "Internet Chess Club"]
[Date "2017.03.19"]
[Round "9"]
[White "leonardoalmeida"]
[Black "KH"]
[Result "0-1"]
[ICCResult "White forfeits on time"]
[WhiteElo "1850"]
[BlackElo "2036"]
[Opening "Van't Kruijs opening"]
[ECO "A00"]
[Time "20:50:01"]
[TimeControl "180+0"]

1. e3 g5 2. b3 Bg7 3. Nc3 c5 4. Bb2 d6 5. Be2 Nc6 6. h4 h6 7. hxg5 hxg5 8.
Rxh8 Bxh8 9. Na4 e5 10. c4 Be6 11. Bg4 f5 12. Bh5+ Kf8 13. Ne2 g4 14. f3
Qh4+ 15. Kf1 Qxh5 16. fxg4 fxg4 17. Ng3 Qh2 18. Qe1 Ke7 19. Ke2 Qxg2+ 20.
Qf2 Qxf2+ 21. Kxf2 Rf8+ 22. Ke2 Bf6 23. Ne4 Nh6 24. Rh1 Bg7 25. d4 exd4 26.
exd4 cxd4 27. c5 d5 28. Nd6 Nf5 29. Nxf5+ Bxf5 30. Kd1 Be4 31. Rg1 Bf3+ 32.
Kd2 Bh6+ 33. Kc2 Be4+ 34. Kd1 Bf3+ 35. Kc2 Nb4+ 36. Kb1 Be4+ 37. Ka1 Nc2+
38. Kb1 Ne3+ 39. Kc1 g3 40. Bxd4 Nf5+ 41. Kb2 Nxd4 42. Rxg3 Rf2+ 43. Ka3
Bc1+ 44. Kb4 Nc6+ 45. Kb5 Rxa2 46. Nc3 Rc2 47. Nxe4 dxe4 48. Rg7+ Ke6 49.
Rxb7 Rb2 50. Kxc6 e3 51. Rxa7 Rxb3 52. Ra1 Rc3 53. Kb6 e2
{White forfeits on time}
0-1

[Event "ICCopen2017"]
[Site "Internet Chess Club"]
[Date "2017.03.19"]
[Round "9"]
[White "elshaddai"]
[Black "anakinnn"]
[Result "1-0"]
[ICCResult "Black forfeits on time"]
[WhiteElo "1673"]
[BlackElo "1274"]
[Opening "Alekhine's defense"]
[ECO "B03"]
[NIC "AL.09"]
[Time "20:49:04"]
[TimeControl "180+0"]

1. e4 Nf6 2. e5 Nd5 3. d4 Nb6 4. f4 d6 5. Nf3 g6 6. c4 Bg7 7. Nc3 N8d7 8.
Be3 O-O 9. Be2 c5 10. d5 dxe5 11. Qd2 exf4 12. Bxf4 Re8 13. O-O-O a5 14. g4
a4 15. a3 Nf6 16. Rdg1 Bxg4 17. h4 h5 18. Nh2 Bxe2 19. Qxe2 e6 20. d6 Nc8
21. Rd1 Qd7 22. Nb5 Rd8 23. Bg5 Qc6 24. Rhf1 Nxd6 25. Nxd6 Rxd6 26. Bxf6
Bh6+ 27. Kb1 Rxd1+ 28. Qxd1 Qb6 29. Nf3 Ra6 30. Ne5 Qa5 31. Bd8 b6 32. Rxf7
Ra8 33. Bg5 Bg7 34. Bf6 Bh6 35. Rd7 Bf8 36. Nxg6 Qa7 37. Rxa7
{Black forfeits on time}
1-0

[Event "ICCopen2017"]
[Site "Internet Chess Club"]
[Date "2017.03.19"]
[Round "9"]
[White "Persi"]
[Black "canary2016"]
[Result "1-0"]
[ICCResult "Black forfeits on time"]
[WhiteElo "1270"]
[BlackElo "1085"]
[Opening "Caro-Kann: classical, Spassky variation"]
[ECO "B19"]
[NIC "CK.12"]
[Time "20:49:20"]
[TimeControl "180+0"]

1. e4 c6 2. d4 d5 3. Nc3 dxe4 4. Nxe4 Bf5 5. Ng3 Bg6 6. h4 h6 7. Nf3 Nd7 8.
h5 Bh7 9. Bd3 Bxd3 10. Qxd3 e6 11. Bf4 Bb4+ 12. c3 Be7 13. O-O Ngf6 14. Rad1
O-O 15. Ne5 Nxe5 16. dxe5 Qxd3 17. Rxd3 Nd5 18. Be3 a6 19. Bc1 Rfd8 20. c4
Nb6 21. Rxd8+ Rxd8 22. b3 Bc5 23. Be3 Bxe3 24. fxe3 Rd2 25. Rf2 Rxf2 26.
Kxf2 Kf8 27. Ne4 Nc8 28. Nc5 Ke7 29. Nxb7 f6 30. exf6+ Kxf6 31. Nc5 a5 32.
Nb7 Kf5 33. Nxa5 Ne7 34. b4 e5 35. a4 Ke4 36. b5 cxb5 37. cxb5 Nd5 38. Nc4
Nc3 39. b6 Nxa4 40. b7 Nc5 41. b8=Q Nd3+ 42. Ke2 Nb2 43. Nd2+
{Black forfeits on time}
1-0

[Event "ICCopen2017"]
[Site "Internet Chess Club"]
[Date "2017.03.19"]
[Round "9"]
[White "BillietheKid"]
[Black "croder"]
[Result "0-1"]
[ICCResult "White forfeits on time"]
[WhiteElo "1379"]
[BlackElo "1577"]
[Opening "Philidor's defense"]
[ECO "C41"]
[NIC "KP.10"]
[Time "20:49:40"]
[TimeControl "180+0"]

1. e4 e5 2. Nf3 d6 3. Bc4 Be6 4. Bb5+ c6 5. Ba4 Nf6 6. d3 Be7 7. c3 O-O 8.
Ng5 Qc8 9. Nxe6 fxe6 10. Bb3 d5 11. exd5 exd5 12. O-O Qf5 13. Nd2 Kh8 14.
Nf3 Bd6 15. Bc2 Qg4 16. Qe2 Nbd7 17. h3 Qh5 18. Re1 Rae8 19. Qd2 h6 20. Bd1
Qg6 21. Bc2 e4 22. dxe4 dxe4 23. Qxd6 exf3 24. Bxg6 Rxe1+ 25. Kh2 fxg2 26.
Kxg2 Re5 27. Bf4 Rd5 28. Qe7 Nh5 29. Bxh5 Rxh5 30. Bd6 Rg5+ 31. Kf1 Rff5 32.
Qxd7 Rd5 33. Qe8+ Kh7 34. Bg3 h5 35. Qe4+ Kh6 36. Re1 Rgf5 37. Bf4+ Kg6 38.
Qg2+ Kf7 {White forfeits on time} 0-1

[Event "ICCopen2017"]
[Site "Internet Chess Club"]
[Date "2017.03.19"]
[Round "9"]
[White "demchog97"]
[Black "Baltimora"]
[Result "0-1"]
[ICCResult "White forfeits on time"]
[WhiteElo "1963"]
[BlackElo "2290"]
[Opening "Réti opening"]
[ECO "A04"]
[NIC "QP.10"]
[Time "20:49:47"]
[TimeControl "180+0"]

1. Nf3 c5 2. g3 b6 3. Bg2 Bb7 4. O-O g6 5. c4 Bg7 6. d3 Nf6 7. e4 O-O 8. Nc3
d6 9. h3 Nbd7 10. Be3 a6 11. Qd2 e6 12. Bh6 d5 13. Bxg7 Kxg7 14. exd5 exd5
15. Nh4 Qc7 16. Qg5 Qe5 17. Qxe5 Nxe5 18. Rad1 Rad8 19. Rfe1 Rfe8 20. f4
Ned7 21. cxd5 Rxe1+ 22. Rxe1 Kf8 23. g4 b5 24. g5 Nh5 25. f5 Nf4 26. fxg6
hxg6 27. Be4 Nb6 28. Rf1 Nxh3+ 29. Kh2 Nxg5 30. Nxg6+ Kg7 31. Ne5 Nxd5 32.
Rg1 f6 33. Nf3 Nxc3 34. Bxb7 Ne2 35. Nxg5 fxg5 36. Rxg5+ Kf6 37. Rxc5 Rxd3
38. Bxa6 Rd2 39. Bxb5 Nd4+ 40. Kg3 Rxb2 41. Bc4 Rc2 42. Rc8 Nf5+ 43. Kf4 Nd6
44. Rc6 Ke7 45. Bd5 Rf2+ 46. Ke3 Rb2 47. Kd4 Kd7 48. Ra6 Rb4+ 49. Kc5 Rb5+
50. Kd4 Rb1 51. Kc5 Nb7+ 52. Bxb7 Rxb7 53. a4 Rb1 54. a5 Kc7 55. Ra7+ Kb8
56. Rf7 Rc1+ {White forfeits on time} 0-1

[Event "ICCopen2017"]
[Site "Internet Chess Club"]
[Date "2017.03.19"]
[Round "9"]
[White "charlestehace"]
[Black "HuevosDeLeon"]
[Result "1-0"]
[ICCResult "Black resigns"]
[WhiteElo "3164"]
[BlackElo "2605"]
[Opening "Alekhine's defense: modern, Larsen variation"]
[ECO "B04"]
[NIC "AL.05"]
[Time "20:49:32"]
[TimeControl "180+0"]

1. e4 Nf6 2. e5 Nd5 3. d4 d6 4. Nf3 dxe5 5. Nxe5 c6 6. Be2 Bf5 7. O-O Nd7 8.
Nf3 e6 9. c4 N5f6 10. Nc3 Ne4 11. Bf4 Bd6 12. Bxd6 Nxd6 13. Qb3 Qc7 14. Rfe1
O-O 15. Bf1 h6 16. h3 Rfe8 17. Rad1 Rad8 18. Qa3 a6 19. b3 Bh7 20. Qc1 Qb8
21. g3 Nf6 22. Bg2 Nf5 23. g4 Ne7 24. Ne5 Ng6 25. Qe3 Nxe5 26. dxe5 Nd7 27.
Rd6 Qc7 28. c5 Nf8 29. f4 Ng6 30. b4 Ne7 31. Red1 Nd5 32. Nxd5 exd5 33. Qd4
Qe7 34. a4 Qh4 35. Qe3 Qe7 36. Kf2 Qh4+ 37. Qg3 Qe7 38. Re1 f6 39. Rxd8 Rxd8
40. e6 a5 41. Qc3 f5 42. bxa5 fxg4 43. hxg4 d4 44. Qc4 d3 45. f5 d2 46. Rd1
Qh4+ 47. Kf1 Kf8 48. Qf4 h5 49. Rxd2 Rxd2 50. Qxd2 hxg4 51. Qd7 Qe7 52. Qc8+
Qe8 53. Qxe8+ Kxe8 54. Bxc6+ Ke7 55. Bxb7 Bxf5 56. a6 Bd3+ 57. Kf2 Bxa6 58.
Bxa6 Kxe6 59. Bb5 Kd5 60. c6 Kd6 61. Kg3 Kc7 62. Kxg4 Kb6 63. Kg5 Kc7 64.
Kg6 Kb6 65. Kxg7 Kc7 66. Kf6 {Black resigns} 1-0

[Event "ICCopen2017"]
[Site "Internet Chess Club"]
[Date "2017.03.19"]
[Round "9"]
[White "sarge"]
[Black "uggi"]
[Result "0-1"]
[ICCResult "White checkmated"]
[WhiteElo "1754"]
[BlackElo "1899"]
[Opening "Vienna: Paulsen-Mieses variation"]
[ECO "C26"]
[NIC "VG.01"]
[Time "20:49:14"]
[TimeControl "180+0"]

1. e4 e5 2. Nc3 Nf6 3. g3 Nc6 4. Bg2 g6 5. Nd5 Bg7 6. d3 Nxd5 7. exd5 Ne7 8.
c4 d6 9. Rb1 O-O 10. b3 c6 11. Bg5 f6 12. Be3 cxd5 13. cxd5 Nf5 14. Bd2 Bd7
15. Ne2 Bb5 16. Bb4 a5 17. Ba3 a4 18. b4 Qb6 19. O-O Qa6 20. Nc1 Nd4 21. Re1
Rac8 22. Bb2 Nc2 23. Re2 a3 24. Ba1 Ba4 25. Qf1 f5 26. Bh3 Nxa1 27. Rxa1 Rc3
28. Rd2 Rfc8 29. g4 Bd7 30. gxf5 gxf5 31. Ne2 Rc2 32. Qd1 Rxd2 33. Qxd2 e4
34. Rd1 exd3 35. Nf4 Qc4 36. Nxd3 Qc2 37. Qe1 Re8 38. Qf1 Bb5 39. Bxf5 Qxa2
40. Qh3 h6 41. Be6+ Kh8 42. Qf5 Qe2 43. Qg4 Bxd3 44. Qxe2 Bxe2 45. Rc1 Bb5
46. Rc7 a2 47. Rxb7 a1=Q+ 48. Kg2 Be5 49. f3 Qf1# {White checkmated} 0-1

[Event "ICCopen2017"]
[Site "Internet Chess Club"]
[Date "2017.03.19"]
[Round "9"]
[White "WAHEHE"]
[Black "JESSEJOSE"]
[Result "1-0"]
[ICCResult "Black checkmated"]
[WhiteElo "1718"]
[BlackElo "1571"]
[Opening "Queen's pawn game"]
[ECO "D00"]
[NIC "QP.08"]
[Time "20:49:26"]
[TimeControl "180+0"]

1. d4 d5 2. Nd2 Nf6 3. Ndf3 Ne4 4. e3 Nd7 5. Bd3 Ndf6 6. Ne2 Bg4 7. Ne5 Bxe2
8. Qxe2 e6 9. f3 Nd6 10. O-O c6 11. b3 Be7 12. Kh1 O-O 13. c4 Nd7 14. c5 Ne8
15. Nxd7 Qxd7 16. Bb2 Bf6 17. Rad1 Qe7 18. e4 e5 19. dxe5 Bxe5 20. exd5 Bf6
21. Qxe7 Bxe7 22. d6 Bf6 23. Bxf6 Nxf6 24. Rfe1 Rfe8 25. Bc4 Rxe1+ 26. Rxe1
Nd7 27. Re7 Nxc5 28. Rxf7 Kh8 29. h4 Rd8 30. b4 Nd7 31. Be6 Ne5 32. Rxb7 g6
33. d7 Kg7 34. Rxa7 Kf6 35. Bh3 Ke7 36. a4 Nxd7 37. Rxd7+ Rxd7 38. Bxd7 Kxd7
39. Kg1 Kd6 40. Kf2 Kd5 41. Ke3 Kc4 42. a5 Kxb4 43. a6 c5 44. a7 c4 45. a8=Q
c3 46. Qb7+ Kc4 47. Ke2 c2 48. Kd2 Kd4 49. Kxc2 Ke3 50. Qe4+ Kf2 51. Qg4 Ke3
52. g3 Kf2 53. Kd2 Kg2 54. Ke2 h5 55. Qxg6 Kh3 56. Kf2 Kh2 57. Qxh5 Kh3 58.
Qg4+ Kh2 59. h5 Kh1 60. h6 Kh2 61. Qh4# {Black checkmated} 1-0

[Event "ICCopen2017"]
[Site "Internet Chess Club"]
[Date "2017.03.19"]
[Round "9"]
[White "Eliezer"]
[Black "MassCarnage"]
[Result "0-1"]
[ICCResult "White forfeits on time"]
[WhiteElo "1539"]
[BlackElo "1866"]
[Opening "Alekhine's defense: Scandinavian variation"]
[ECO "B02"]
[NIC "AL.10"]
[Time "20:50:44"]
[TimeControl "180+0"]

1. e4 Nf6 2. Nc3 d5 3. exd5 Nxd5 4. Nxd5 Qxd5 5. Nf3 Bg4 6. Be2 Nc6 7. O-O
O-O-O 8. h3 h5 9. c3 e5 10. d4 e4 11. Nh2 Bxe2 12. Qxe2 f5 13. Bg5 Re8 14.
Qe3 Bd6 15. Bf4 g5 16. Bxd6 Qxd6 17. Qxg5 Qe6 18. g3 Reg8 19. Qf4 h4 20.
Rae1 Ne7 21. Re3 Nd5 22. Qe5 Qf7 23. Rfe1 Nxe3 24. Rxe3 f4 25. Rxe4 hxg3 26.
Qe6+ Qxe6 27. Rxe6 gxh2+ 28. Kxh2 Kd7 29. Rf6 Rf8 30. Rxf8 Rxf8 31. Kg2 Ke6
32. Kf3 Kf5 33. h4 Rh8 34. c4 Rxh4 35. b4 Rh3+ 36. Ke2 Ke4 37. d5 b6
{White forfeits on time}
0-1

[Event "ICCopen2017"]
[Site "Internet Chess Club"]
[Date "2017.03.19"]
[Round "9"]
[White "subterfuge"]
[Black "Mysterious17"]
[Result "0-1"]
[ICCResult "White forfeits on time"]
[WhiteElo "1506"]
[BlackElo "1651"]
[Opening "Polish defense"]
[ECO "A40"]
[NIC "QO.17"]
[Time "20:49:39"]
[TimeControl "180+0"]

1. d4 b5 2. e4 a6 3. f4 Bb7 4. Bd3 Nf6 5. Qe2 e6 6. Nf3 c5 7. O-O Qb6 8. Be3
Nc6 9. dxc5 Bxc5 10. Bxc5 Qxc5+ 11. Kh1 O-O 12. e5 Ng4 13. Bxh7+ Kxh7 14.
Ng5+ Kg8 15. Qxg4 Qxc2 16. Nc3 Ne7 17. Rae1 Qg6 18. Qh3 f6 19. Nge4 fxe5 20.
Nd6 b4 21. Nce4 Bxe4 22. Rxe4 Nc8 23. Rxe5 Rxf4 24. Rfe1 Nxd6 25. Rh5 Qe4
26. Rh8+ Kf7 27. Qh5+ Kf6 28. Rg1 Nf5 {White forfeits on time} 0-1

[Event "ICCopen2017"]
[Site "Internet Chess Club"]
[Date "2017.03.19"]
[Round "9"]
[White "Parsifal"]
[Black "MATEPROOF"]
[Result "1/2-1/2"]
[ICCResult "Game drawn by repetition"]
[WhiteElo "2338"]
[BlackElo "1947"]
[Opening "Sicilian: accelerated fianchetto, modern variation with Bc4"]
[ECO "B35"]
[NIC "SI.44"]
[Time "20:49:39"]
[TimeControl "180+0"]

1. e4 c5 2. Nc3 g6 3. Nf3 Bg7 4. d4 cxd4 5. Nxd4 Nc6 6. Be3 Nf6 7. Bc4 O-O
8. Bb3 a5 9. a4 Ng4 10. Qxg4 Nxd4 11. O-O Nxb3 12. cxb3 d5 13. Qe2 d4 14.
Rfd1 e5 15. Nb5 Be6 16. Rd3 Rc8 17. f4 exf4 18. Nxd4 fxe3 19. Nxe6 Qb6 20.
Nxf8 Bxf8 21. Rf1 Bh6 22. Kh1 Qc6 23. Rxe3 Bxe3 24. Qxe3 Re8 25. e5 Qd5 26.
h3 Rxe5 27. Qf4 Rf5 28. Qb8+ Kg7 29. Rxf5 gxf5 30. Qg3+ Kf8 31. Qc3 Ke7 32.
Kh2 Ke6 33. g3 f6 34. h4 h5 35. Kg1 b6 36. Kf2 Qc5+ 37. Qxc5 bxc5 38. Kf3
Ke5 39. Ke3 Kd5 40. Kd3 Kd6 41. Kc3 Kd5 42. Kd3 Kd6 43. Kc3 Kd5 44. Kd3 Kd6
45. Kc3 Kd5 {Game drawn by repetition} 1/2-1/2

[Event "ICCopen2017"]
[Site "Internet Chess Club"]
[Date "2017.03.19"]
[Round "9"]
[White "GoogleGirl"]
[Black "BlueJ"]
[Result "1/2-1/2"]
[ICCResult "Black ran out of time and White has no material to mate"]
[WhiteElo "1892"]
[BlackElo "2044"]
[Opening "King's Indian: London system"]
[ECO "A45"]
[NIC "QP.03"]
[Time "20:48:45"]
[TimeControl "180+0"]

1. d4 Nf6 2. Bf4 g6 3. Nf3 Bg7 4. e3 O-O 5. h3 d6 6. Be2 Nbd7 7. O-O Qe8 8.
c4 e5 9. Bg3 Qe7 10. Nc3 Re8 11. Nb5 e4 12. Nxc7 exf3 13. Bxf3 Rb8 14. Nxe8
Nxe8 15. Qa4 a6 16. c5 Ra8 17. cxd6 Nxd6 18. Qa3 Bf8 19. Rac1 Nf5 20. Qxe7
Bxe7 21. Rc7 Nxg3 22. fxg3 Bd6 23. Bxb7 Bxc7 24. Bxa8 Nb6 25. Bf3 Bxg3 26.
Rc1 Bd7 27. b3 Kf8 28. Bc6 Be6 29. Bf3 Ke7 30. Rc6 Nd5 31. Bxd5 Bxd5 32.
Rxa6 f5 33. Ra7+ Kf6 34. b4 f4 35. exf4 Bxf4 36. Kf2 Bd2 37. b5 Kf5 38. b6
Ke4 39. b7 Be3+ 40. Ke2 Bf4 41. b8=Q Bxb8 42. Ra5 Kxd4 43. Rb5 Bc4+ 44. Kd2
Bxb5 45. a4 Bxa4 46. Ke1 Bc6 47. Kf2 Bxg2 48. Kxg2 h5 49. h4 g5 50. Kh3 Ke5
51. hxg5 Kf5 52. Kh4 Kg6 53. Kh3 Kxg5 54. Kg2 h4 55. Kh1 Kg4 56. Kg2 Ba7 57.
Kh1 h3 58. Kh2 {Black ran out of time and White has no material to mate}
1/2-1/2

[Event "ICCopen2017"]
[Site "Internet Chess Club"]
[Date "2017.03.19"]
[Round "9"]
[White "AlonzoMosely"]
[Black "BronStorm"]
[Result "0-1"]
[ICCResult "White forfeits on time"]
[WhiteElo "2237"]
[BlackElo "1914"]
[Opening "Nimzo-Indian: Romanishin-Kasparov (Steiner) system"]
[ECO "E20"]
[NIC "NI.29"]
[Time "20:49:26"]
[TimeControl "180+0"]

1. d4 Nf6 2. c4 e6 3. Nc3 Bb4 4. g3 O-O 5. Bg2 d5 6. Nf3 c5 7. cxd5 exd5 8.
O-O Nc6 9. Bg5 Bxc3 10. bxc3 c4 11. Ne5 h6 12. Bxf6 Qxf6 13. f4 Qd6 14. e4
f6 15. exd5 Na5 16. Ng6 Re8 17. Qa4 Bf5 18. Qxa5 Bxg6 19. Qc5 Rad8 20. Qxc4
Kh8 21. Rae1 Qb6 22. Qc5 Qb2 23. d6 Bd3 24. Rxe8+ Rxe8 25. d7 Rd8 26. Qe7
Qb6 27. Re1 Bb5 28. Bh3 Qc7 29. Bf5 Bxd7 30. Re3 Qc8 31. Bg6 Rg8 32. Qf7 Bf5
33. Qxg8+ Qxg8 34. Re8 Qxe8 35. Bxe8 Be4 36. Kf2 f5 37. Ke3 g5 38. a3 Kg7
39. c4 Kf6 {White forfeits on time} 0-1